 Dungeon Crawl Stone Soup version 0.30-a0-371-gad7725a93e (webtiles) character file.

Game seed: 536309445697764394

583 retardedninja the Trooper (level 7, 0/62 HPs)
             Began as a Hill Orc Fighter on Nov 22, 2022.
             Slain by a black bear (4 damage)
             ... on level 4 of the Dungeon.
             The game lasted 00:05:22 (3534 turns).

retardedninja the Trooper (Hill Orc Fighter)        Turns: 3534, Time: 00:05:24

Health: 0/62       AC:  9    Str: 21    XL:     7   Next: 37%
Magic:  7/7        EV:  9    Int:  8    God:
Gold:   261        SH:  5    Dex: 10    Spells: 6/6 levels left

rFire   . . .      SeeInvis .    a - +0 war axe
rCold   . . .      Faith    .    c - +0 buckler
rNeg    . . .      Spirit   .    b - +0 scale mail
rPois   .          Reflect  .    (no helmet)
rElec   .          Harm     .    (no cloak)
rCorr   .          Rampage  .    e - +0 pair of gloves
Will    .....                    f - +0 pair of boots
Stlth   ..........               (no amulet)
HPRegen 0.30/turn                (no ring)
MPRegen 0.10/turn                (no ring)

@: no status effects
A: no striking features
a: no special abilities


You were on level 4 of the Dungeon.
You visited 1 branch of the dungeon, and saw 4 of its levels.
You also visited: Sewer.

You collected 261 gold pieces.

Inventory:

Hand Weapons
 a - a +0 war axe (weapon)
Missiles
 r - a javelin
 w - a throwing net (quivered)
Armour
 b - a +0 scale mail (worn)
 c - a +0 buckler (worn)
 e - a +0 pair of gloves (worn)
 f - a +0 pair of boots (worn)
Jewellery
 d - a +6 ring of intelligence
 k - a +6 ring of strength
 n - a +6 ring of strength
 q - an amulet of the acrobat
Wands
 v - a wand of roots (9)
Scrolls
 i - 4 scrolls of identify {unknown}
 j - 2 scrolls of magic mapping {unknown}
 l - 3 scrolls of poison {unknown}
 m - 2 scrolls of blinking {unknown}
 o - 3 scrolls of teleportation {unknown}
 p - a scroll of vulnerability {unknown}
 t - a scroll of enchant armour {unknown}
 z - a scroll of summoning {unknown}
 A - a scroll of silence {unknown}
Potions
 g - a potion of flight {unknown}
 h - 2 potions of heal wounds {unknown}
 s - a potion of berserk rage {unknown}
 u - 2 potions of haste {unknown}
 x - 2 potions of attraction {unknown}
Miscellaneous
 y - a condenser vane (inert)


   Skills:
 + Level 5.8 Fighting
 + Level 5.6 Axes
 + Level 5.3 Armour
 + Level 5.3 Shields


You had 6 spell levels left.
You didn't know any spells.
Your spell library contained the following spells:

 Spells                   Type           Power      Damage    Failure   Level
 Shock                    Conj/Air       0%         1d3       82%         1
 Dazzling Flash           Conj/Hex       0%         N/A       99%         3
 Portal Projectile        Hex/Tloc       0%         N/A       99%         3
 Swiftness                Air            0%         N/A       99%         3
 Tukima's Dance           Hex            0%         N/A       99%         3
 Airstrike                Air            0%         2d(0-16)  100%        4
 Agony                    Necr           0%         N/A       100%        5
 Blade Hands              Tmut           0%         N/A       100%        5
 Silence                  Hex/Air        0%         N/A       100%        5


Dungeon Overview and Level Annotations

Branches:
Dungeon (4/15)              Sewer (visited)
 Temple: D:4-7

Altars:
The Shining One


Message History

You closely miss the black bear.
The black bear is almost dead.
The black bear bites you but does no damage.
The black bear claws you but does no damage. x2
You block the black bear's attack. The black bear claws you. x2
Unknown command.
You hit the black bear.
The black bear is almost dead.
The black bear bites you!
The black bear claws you but does no damage.
The black bear claws you. You block the black bear's attack.
The black bear claws you but does no damage. x2
Unknown command.
You barely miss the black bear.
The black bear is almost dead.
The black bear bites you but does no damage.
You block the black bear's attack. The black bear claws you.
The black bear bites you!
The black bear claws you but does no damage.
You block the black bear's attack.
You are too injured to fight recklessly!
You hit the black bear but do no damage.
The black bear is almost dead.
The black bear closely misses you. The black bear claws you.
The black bear claws you but does no damage.
The black bear barely misses you. The black bear closely misses you.
You block the black bear's attack.
You hit the black bear but do no damage.
The black bear is almost dead.
The black bear misses you. The black bear claws you.
* * * LOW HITPOINT WARNING * * *
The black bear claws you.
* * * LOW HITPOINT WARNING * * *
You hit the black bear.
The black bear is almost dead.
The black bear bites you!
* * * LOW HITPOINT WARNING * * *
The black bear claws you but does no damage.
The black bear claws you.
You die...

##....# #####
##.##..
#.....#######...#
#.##..
##............#.#
#.##..
##.#.#######...#
#.#### #.###
##.## #####.###
#.# #.# #.......#
#+# ####.###
#.###<#.#
#......# #.#
#.#.# #.##@#.#
#.###.#.# #
#.h### #.##)...#
# ....#
#.......## +
......#
#......... #
###....#
####....## #.#..#
#.#.## #..... #+#
#.### ...... ..#
#.# #+# #.# #.#
#.#


You could see a black bear (berserk).

Vanquished Creatures
  2 bullfrogs (Sewer)
  2 necrophages (D:4)
  A crimson imp (D:4)
  A hound (D:4)
  An orc priest (D:3)
  An orc wizard (D:3)
  Terence (D:2)
  Robin (D:4)
  A gnoll (D:1)
  3 adders
  2 ufetubi (D:4)
  2 dart slugs
  8 orcs (D:3)
  10 ball pythons
  13 endoplasms
  15 giant cockroaches
  18 goblins
  5 hobgoblins
  3 kobolds
  10 quokkas
  3 bats
  8 frilled lizards
  A goblin skeleton (D:4)
  4 goblin zombies (D:4)
  3 hobgoblin zombies (D:4)
  3 orc skeletons (D:4)
  A rat (D:2)
123 creatures vanquished.

Notes
Turn   | Place    | Note
-------+----------+-------------------------------------------
     0 | D:1      | retardedninja the Hill Orc Fighter began the quest for the
                  | Orb.
     0 | D:1      | Reached XP level 1. HP: 19/19 MP: 1/1
    48 | D:1      | Reached XP level 2. HP: 25/27 MP: 2/2
   232 | D:1      | Reached XP level 3. HP: 27/33 MP: 3/3
  1142 | D:2      | Noticed Terence
  1152 | D:2      | Killed Terence
  1153 | D:2      | Reached XP level 4. HP: 38/40 MP: 4/4
  1789 | D:3      | Reached XP level 5. HP: 31/47 MP: 5/5
  2189 | D:4      | Reached skill level 5 in Fighting
  2189 | D:4      | Reached XP level 6. HP: 33/56 MP: 6/6
  2348 | D:4      | Found a glowing drain.
  2369 | Sewer    | Entered a sewer
  2628 | Sewer    | Reached skill level 5 in Axes
  2634 | Sewer    | Reached skill level 5 in Armour
  2634 | Sewer    | Reached skill level 5 in Shields
  2982 | D:4      | Noticed Robin
  2987 | D:4      | Reached XP level 7. HP: 61/61 MP: 7/7
  3016 | D:4      | Killed Robin
  3061 | D:4      | Found a glowing golden altar of the Shining One.
  3534 | D:4      | Slain by a black bear

Illustrated notes

Levels and vault maps discovered:
D:1:      minmay_arrival_checkered_box, layout_loops_ring
D:2:      layout_loops_ring, kennysheep_generic_room_8, uniq_terence
D:3:      layout_rooms
D:4:      layout_loops_corners, grunt_temple_overflow_lords_of_destruction,
          nicolae_tso_besieged_by_evil, gup_sewer_entry_glass, uniq_robin,
          uniq_sigmund

Skill      XL: |  1  2  3  4  5  6 |
---------------+-------------------+-----
Axes           | 3 4 5 |  5.6
Fighting       | 4 5 |  5.8
Armour         | 4 5 |  5.3
Shields        | 4 5 |  5.3

Action                   |  1- 3 |  4- 6 |  7- 9 || total
-------------------------+-------+-------+-------++-------
Melee: War axe           |    78 |   179 |    78 ||   335
Throw: Javelin           |       |    12 |       ||    12
Evoke: Condenser vane    |       |     1 |       ||     1
  Use: Potion            |       |     1 |       ||     1
Armor: Scale mail        |    44 |   120 |    57 ||   221
Dodge: Dodged            |    29 |   106 |    33 ||   168
Block: Buckler           |    17 |    57 |    30 ||   104

Table legend: (Time is in decaauts)
 A = Elapsed time spent in this place.
 B = Non-inter-level travel time spent in this place.
 C = Inter-level travel time spent in this place.
 D = Time resting spent in this place.
 E = Time spent auto-exploring this place.
 F = Levels seen in this place.
 G = Mean time per level.
                   A        B        C        D        E       F      G
               +--------+--------+--------+--------+--------+-----+--------+
         Total |   3725 |   3613 |    112 |    427 |   2159 |   5 |  745.0 |
       Dungeon |   3128 |   3016 |    112 |    241 |   2096 |   4 |  782.0 |
         Sewer |    596 |    596 |      0 |    186 |     63 |   1 |  596.0 |
               +--------+--------+--------+--------+--------+-----+--------+

Top non-repeatable levels by time:
     D:4: 929 daAuts
     D:1: 799 daAuts
     D:3: 711 daAuts
     D:2: 688 daAuts
   Sewer: 596 daAuts
